[Event "Titled Tuesday Blitz May 31 Early 2022"]
[White "Vasquez Schroeder, Rodrigo"]
[Black "Paravyan, David"]
[WhiteFideId "3400042"]
[BlackFideId "4194985"]
[WhiteElo "2567"]
[BlackElo "2569"]
[Result "1-0"]
[Round "04"]
[TimeControl "180+1"]
[Date "2022.05.31"]
[WhiteClock "0:00:18"]
[BlackClock "0:00:04"]

1. e4 e5 2. Nf3 Nf6 3. d4 Nxe4 4. Bd3 d5 5. Nxe5 Nd7 6. Nxd7 Bxd7 7. O-O Bd6 8. Nc3 Nxc3 9. bxc3 h5 10. Re1+ Kf8 11. Qf3 Bg4 12. Qe3 Qf6 13. Rb1 b6 14. c4 dxc4 15. Bxc4 Bd7 16. Bd2 h4 17. Bc3 h3 18. g3 Re8 19. Qd3 Qf5 20. Rxe8+ Kxe8 21. Re1+ Kd8 22. Bd2 Qxd3 23. Bxd3 Rh5 24. c4 c6 25. f4 Bg4 26. Kf2 Kd7 27. Be2 f5 28. Bd3 Rh8 29. Bc3 Rg8 30. Bd2 g6 31. Bc2 Ra8 32. Bb3 a5 33. a4 Bb4 34. Bxb4 axb4 35. Re5 Kd6 36. c5+ bxc5 37. dxc5+ Kd7 38. Ke3 Rd8 39. Kd4 Kc7+ 40. Ke3 Bd1 41. Re7+ Kb8 42. Bc4 b3 43. Ba6 Bc2 44. Rb7+ Ka8 45. Rb4 Rb8 46. Rxb8+ Kxb8 47. Kd2 Kc7 48. Kc3 Bd1 49. a5 Kd7 50. Bc4 Bh5 51. Bxb3 Kc7 52. Kd4 Kb7 53. Bc4 Ka7 54. Ke5 Kb7 55. Kf6 Ka7 56. Bf7 Ka6 57. Bxg6 1-0


[Site "https://www.chess.com"]

[Event "Titled Tuesday Blitz May 31 Early 2022"]
[White "Vidit, Santosh Gujrathi"]
[Black "Kucuksari, Kaan"]
[WhiteFideId "5029465"]
[BlackFideId "6380166"]
[WhiteElo "2654"]
[BlackElo "2305"]
[Result "1-0"]
[Round "04"]
[TimeControl "180+1"]
[Date "2022.05.31"]
[WhiteClock "0:01:40"]
[BlackClock "0:00:31"]

1. e4 c5 2. Nf3 e6 3. d4 cxd4 4. Nxd4 a6 5. Bd3 Bc5 6. Nb3 Be7 7. Qg4 g6 8. Nc3 d6 9. Qg3 Nc6 10. O-O Nf6 11. Bh6 g5 12. Qxg5 Rg8 13. Qd2 Ne5 14. Kh1 Neg4 15. Bf4 Nh5 16. Be2 Nxf4 17. Qxf4 Ne5 18. Qe3 Bd7 19. f4 Ng4 20. Qh3 h5 21. Qxh5 Bf6 22. e5 Nxh2 23. Ne4 Nxf1 24. Nxd6+ 1-0


[Site "https://www.chess.com"]

[Event "Titled Tuesday Blitz May 31 Early 2022"]
[White "Vokhidov, Shamsiddin"]
[Black "Samunenkov, Ihor"]
[WhiteFideId "14204223"]
[BlackFideId "14187086"]
[WhiteElo "2611"]
[BlackElo "2409"]
[Result "1-0"]
[Round "04"]
[TimeControl "180+1"]
[Date "2022.05.31"]
[WhiteClock "0:01:16"]
[BlackClock "0:00:16"]

1. e4 c6 2. d4 d5 3. e5 Bf5 4. h4 h5 5. Bd3 Bxd3 6. Qxd3 Qa5+ 7. c3 Qa6 8. Qd1 e6 9. a4 c5 10. Na3 c4 11. b3 Nd7 12. bxc4 Bxa3 13. Bxa3 Qxc4 14. Ne2 Ne7 15. Rb1 Qc6 16. Rb3 Nb6 17. Nf4 g6 18. O-O Nc4 19. Bxe7 Kxe7 20. Nd3 Rac8 21. Qf3 Rhf8 22. Qf6+ Kd7 23. Nc5+ Ke8 24. Rxb7 Rc7 25. Rfb1 Na5 26. Rxc7 Qxc7 27. Rb5 Nc6 28. Nb7 Nd8 29. Nxd8 Qxd8 30. Rb7 1-0


[Site "https://www.chess.com"]

[Event "Titled Tuesday Blitz May 31 Early 2022"]
[White "Wagner, Dennis"]
[Black "Ponkratov, Pavel"]
[WhiteFideId "24650684"]
[BlackFideId "4157800"]
[WhiteElo "2355"]
[BlackElo "2487"]
[Result "0-1"]
[Round "04"]
[TimeControl "180+1"]
[Date "2022.05.31"]
[WhiteClock "0:00:03"]
[BlackClock "0:01:14"]

1. e4 e5 2. Nf3 Nc6 3. Bc4 Nf6 4. d3 h6 5. c3 g5 6. O-O Bg7 7. b4 a6 8. Bb3 O-O 9. h3 d5 10. Nbd2 Be6 11. Re1 Qd7 12. exd5 Nxd5 13. Ne4 b6 14. Bd2 Rad8 15. Ng3 f5 16. Nh5 Bh8 17. d4 e4 18. Nh2 Bf7 19. Rc1 b5 20. a3 Qd6 21. Ng3 Nce7 22. Nhf1 c6 23. f3 exf3 24. Qxf3 f4 25. Ne4 Qg6 26. Nc5 Nf5 27. Bc2 Nh4 28. Qg4 Qd6 29. Ne6 Nf6 30. Qd1 Bxe6 31. Bb3 Bxb3 32. Qxb3+ Nd5 33. Nh2 f3 34. Ng4 f2+ 35. Nxf2 Qg3 0-1


[Site "https://www.chess.com"]

[Event "Titled Tuesday Blitz May 31 Early 2022"]
[White "Xu, Yi"]
[Black "Al-Tarboush, Ward"]
[WhiteFideId "8605564"]
[BlackFideId "7601450"]
[WhiteElo "2471"]
[BlackElo "2294"]
[Result "1-0"]
[Round "04"]
[TimeControl "180+1"]
[Date "2022.05.31"]
[WhiteClock "0:01:10"]
[BlackClock "0:00:41"]

1. e4 e6 2. d4 d5 3. e5 c5 4. c3 Nc6 5. Nf3 Qb6 6. a3 Nh6 7. Bd3 cxd4 8. O-O Be7 9. Re1 Bd7 10. b4 dxc3 11. Nxc3 O-O-O 12. Na4 Qc7 13. Bxh6 gxh6 14. Rc1 a6 15. Qd2 Kb8 16. Qxh6 Rdg8 17. Nc5 Bxc5 18. Rxc5 Qd8 19. Rb1 Qf8 20. Qe3 Qg7 21. g3 d4 22. Nxd4 h5 23. Nxc6+ Bxc6 24. Rxc6 bxc6 25. Qb6+ Ka8 26. Qxc6+ 1-0


[Site "https://www.chess.com"]

[Event "Titled Tuesday Blitz May 31 Early 2022"]
[White "Yilmaz, Mustafa"]
[Black "Darini, Pouria"]
[WhiteFideId "6302718"]
[BlackFideId "12502200"]
[WhiteElo "2568"]
[BlackElo "2483"]
[Result "1-0"]
[Round "04"]
[TimeControl "180+1"]
[Date "2022.05.31"]
[WhiteClock "0:00:15"]
[BlackClock "0:00:04"]

1. Nf3 c5 2. c3 Nf6 3. d4 e6 4. Bf4 Nc6 5. e3 Be7 6. Nbd2 Nh5 7. Bg3 Nxg3 8. hxg3 d5 9. Bd3 h6 10. Ne5 Nxe5 11. dxe5 Qb6 12. Rb1 Bd7 13. Qg4 g6 14. Qf4 Bg5 15. Qxg5 hxg5 16. Rxh8+ Ke7 17. Rxa8 Qc7 18. f4 Qb6 19. Ke2 Bb5 20. c4 Bc6 21. b3 gxf4 22. gxf4 Qa5 23. a4 Qc3 24. Rxa7 d4 25. e4 Qb4 26. Ra8 Qc3 27. g4 Qb4 28. a5 Qc3 29. a6 bxa6 30. Rxa6 Bb7 31. Rb6 Bc8 32. Rh1 Qa5 33. Rb5 Qa7 34. Rh8 Bd7 35. f5 Bxb5 36. f6+ Kd7 37. cxb5 Qa1 38. Rf8 Qg1 39. Rxf7+ Kd8 40. Rf8+ Kc7 41. Rf7+ Kb6 42. Nc4+ Kxb5 43. Rb7+ Kc6 44. Na5# 1-0


[Site "https://www.chess.com"]

[Event "Titled Tuesday Blitz May 31 Early 2022"]
[White "Zhigalko, Sergei"]
[Black "Sargsyan, Anna M."]
[WhiteFideId "13502956"]
[BlackFideId "13308130"]
[WhiteElo "2662"]
[BlackElo "2271"]
[Result "1-0"]
[Round "04"]
[TimeControl "180+1"]
[Date "2022.05.31"]
[WhiteClock "0:00:04"]
[BlackClock "0:00:12"]

1. e4 c6 2. d4 d5 3. e5 Bf5 4. Nf3 e6 5. Be2 Nd7 6. O-O h6 7. Nbd2 Qc7 8. Re1 Ne7 9. a4 g5 10. c4 Bg7 11. b3 c5 12. Ba3 dxc4 13. Nxc4 O-O 14. Rc1 Nc6 15. Nd6 Bg6 16. Bxc5 Nxc5 17. Rxc5 Rad8 18. Bb5 Qb6 19. Bxc6 bxc6 20. Re3 Rb8 21. Qc1 Rfd8 22. Rxc6 Qb4 23. Rc4 Qb6 24. h4 g4 25. Nd2 Rxd6 26. exd6 Bxd4 27. Rc8+ Rxc8 28. Qxc8+ Kh7 29. d7 Bf6 30. Ne4 Bxe4 31. Rxe4 Qxb3 32. Re1 Qd5 33. Qe8 Kg7 34. g3 h5 35. Rf1 a5 36. Qc8 Qd4 37. Qc7 Qd5 38. Re1 Qd2 39. Re3 Qd1+ 40. Kg2 Qd5+ 41. Kf1 Qd1+ 42. Re1 Qd3+ 43. Kg1 Qd5 44. Qa7 Qd2 45. Rf1 Qd5 46. Qc7 Qd2 47. Qc6 Qd4 48. Qb5 Kg6 49. Re1 Qd2 50. Re3 Qd1+ 51. Kg2 Bd8 52. Qd3+ Qxd3 53. Rxd3 Kf6 54. f3 gxf3+ 55. Kxf3 Ke7 56. g4 hxg4+ 57. Kxg4 f5+ 58. Kf4 Bc7+ 59. Kg5 e5 60. Kxf5 1-0


[Site "https://www.chess.com"]

[Event "Titled Tuesday Blitz May 31 Early 2022"]
[White "Abdrlauf, Elham"]
[Black "Shailesh, Dravid"]
[WhiteFideId "1533533"]
[BlackFideId "25017969"]
[WhiteElo "2371"]
[BlackElo "2205"]
[Result "1-0"]
[Round "05"]
[TimeControl "180+1"]
[Date "2022.05.31"]
[WhiteClock "0:02:01"]
[BlackClock "0:01:18"]

1. e4 b6 2. d4 Bb7 3. Nc3 e6 4. Bd3 Bb4 5. Ne2 Nf6 6. a3 Bxc3+ 7. Nxc3 d5 8. e5 Nfd7 9. Qg4 g6 10. Bg5 Qc8 11. O-O-O Ba6 12. h4 Bxd3 13. Rxd3 Nc6 14. h5 Rf8 15. hxg6 hxg6 16. Rh7 Ne7 17. Bxe7 Kxe7 18. Qxg6 c6 19. Rf3 Kd8 20. Rfxf7 Rxf7 21. Rxf7 Kc7 22. Qxe6 Qe8 23. Re7 Qd8 24. Qd6+ Kb7 25. Rxd7+ 1-0


[Site "https://www.chess.com"]

[Event "Titled Tuesday Blitz May 31 Early 2022"]
[White "Alinasab, Mobina"]
[Black "Kaasen, Tor Fredrik"]
[WhiteFideId "12528897"]
[BlackFideId "1516647"]
[WhiteElo "2031"]
[BlackElo "2335"]
[Result "1-0"]
[Round "05"]
[TimeControl "180+1"]
[Date "2022.05.31"]
[WhiteClock "0:00:26"]
[BlackClock "0:00:03"]

1. e4 c5 2. Nf3 d6 3. d4 cxd4 4. Nxd4 Nf6 5. Nc3 a6 6. h3 e5 7. Nde2 h5 8. Bg5 Be6 9. Bxf6 Qxf6 10. Nd5 Qd8 11. Qd3 g6 12. O-O-O Bh6+ 13. Kb1 Nd7 14. f4 Bxd5 15. Qxd5 Nf6 16. Qxb7 Qc8 17. Qxc8+ Rxc8 18. Nc3 Rxc3 19. bxc3 Nxe4 20. Bxa6 Nxc3+ 21. Kb2 Nxd1+ 22. Rxd1 Bxf4 23. Rxd6 Ke7 24. Rb6 e4 25. Bc4 Rb8 26. Rxb8 Bxb8 27. Kc3 f5 28. Kd4 g5 29. Be2 g4 30. hxg4 hxg4 31. c4 Kf6 32. c5 Be5+ 33. Kd5 e3 34. a4 Bc7 35. Kc6 Ba5 36. Kb5 Bc7 37. a5 Ke5 38. a6 Bb8 39. Kb6 Kd5 40. c6 Kd6 41. Kb7 Ba7 42. c7 1-0


[Site "https://www.chess.com"]

[Event "Titled Tuesday Blitz May 31 Early 2022"]
[White "Bachmann, Axel"]
[Black "Sadhwani, Raunak"]
[WhiteFideId "3700488"]
[BlackFideId "35093487"]
[WhiteElo "2587"]
[BlackElo "2616"]
[Result "0-1"]
[Round "05"]
[TimeControl "180+1"]
[Date "2022.05.31"]
[WhiteClock "0:00:03"]
[BlackClock "0:00:12"]

1. e4 e5 2. Bc4 Nc6 3. d3 Nf6 4. Nc3 Bc5 5. f4 d6 6. Nf3 a5 7. f5 Nd4 8. Bg5 c6 9. a3 a4 10. Nxd4 Bxd4 11. Qd2 h6 12. Be3 Qb6 13. Bxd4 Qxd4 14. O-O-O b5 15. Ba2 Qb6 16. Ne2 h5 17. h3 h4 18. Rhg1 Qa5 19. c3 c5 20. g4 Rb8 21. g5 Nd7 22. Kb1 b4 23. cxb4 cxb4 24. Rc1 Ba6 25. Bc4 Nc5 26. axb4 Rxb4 27. Bxa6 a3 28. Qc3 Rxb2+ 29. Ka1 Qxa6 0-1


[Site "https://www.chess.com"]

[Event "Titled Tuesday Blitz May 31 Early 2022"]
[White "Barp, Alberto"]
[Black "Guseinov, Gadir"]
[WhiteFideId "872555"]
[BlackFideId "13401378"]
[WhiteElo "2229"]
[BlackElo "2581"]
[Result "1-0"]
[Round "05"]
[TimeControl "180+1"]
[Date "2022.05.31"]
[WhiteClock "0:00:14"]
[BlackClock "0:00:49"]

1. d4 Nf6 2. Nf3 g6 3. Bf4 Bg7 4. Nbd2 O-O 5. h3 d6 6. c3 Nbd7 7. Bh2 b6 8. e4 Bb7 9. Bd3 Qe8 10. O-O e5 11. Re1 Nh5 12. Nc4 Qe7 13. dxe5 dxe5 14. b4 Rad8 15. Qc2 Rfe8 16. Ne3 Ndf6 17. Bxe5 Rxd3 18. Qxd3 Bxe4 19. Bxf6 Bxf6 20. Qd1 Rd8 21. Qb3 Bxf3 22. gxf3 Bg7 23. Qc4 Qg5+ 24. Qg4 Qh6 25. Rad1 Rf8 26. Nd5 f5 27. Qc4 Kh8 28. Re7 Qg5+ 29. Kf1 c6 30. Qxc6 Qh4 31. Kg2 Nf4+ 32. Nxf4 Qxe7 33. Ne6 Rg8 34. Rd7 Qf6 35. Qd6 Bh6 36. Qc7 Bg7 37. Nxg7 Rxg7 38. Rxg7 Qxg7 39. Qxg7+ Kxg7 40. f4 b5 41. Kf3 Kf6 42. Ke3 Ke6 43. Kd4 Kd6 44. c4 bxc4 45. Kxc4 a6 46. a4 Kc6 47. h4 h6 48. Kd4 Kd6 49. b5 axb5 50. axb5 Kc7 51. Ke5 1-0


[Site "https://www.chess.com"]

[Event "Titled Tuesday Blitz May 31 Early 2022"]
[White "Bekturov, Tamerlan"]
[Black "Kovalev, Vladislav"]
[WhiteFideId "13710184"]
[BlackFideId "13504398"]
[WhiteElo "2151"]
[BlackElo "2530"]
[Result "0-1"]
[Round "05"]
[TimeControl "180+1"]
[Date "2022.05.31"]
[WhiteClock "0:00:21"]
[BlackClock "0:00:06"]

1. d4 Nf6 2. c4 e6 3. g3 d5 4. Bg2 Be7 5. Nf3 O-O 6. O-O dxc4 7. Ne5 c5 8. dxc5 Qc7 9. Nxc4 Rd8 10. Qb3 Nc6 11. e3 Bxc5 12. Nc3 e5 13. Nb5 Qe7 14. Qc2 e4 15. a3 a6 16. Nc3 Bf5 17. b4 Ba7 18. Bb2 Rac8 19. Qe2 Bg4 20. Qe1 Nxb4 21. axb4 Rxc4 22. b5 Qb4 23. Ra4 Qb3 24. Rxc4 Qxc4 25. bxa6 bxa6 26. h3 Bf3 27. Qa1 h5 28. Rc1 Bxg2 29. Kxg2 Bxe3 30. fxe3 Rd2+ 31. Kg1 Qd3 32. Re1 Qc2 33. Nd1 Rg2+ 34. Kf1 Rh2 0-1


[Site "https://www.chess.com"]

[Event "Titled Tuesday Blitz May 31 Early 2022"]
[White "Belenkaya, Dina"]
[Black "Agibileg, Uurtsaikh"]
[WhiteFideId "24142654"]
[BlackFideId "4901606"]
[WhiteElo "2196"]
[BlackElo "2205"]
[Result "0-1"]
[Round "05"]
[TimeControl "180+1"]
[Date "2022.06.01"]
[WhiteClock "0:00:07"]
[BlackClock "0:00:10"]

1. g3 Nf6 2. Nf3 g6 3. Bg2 Bg7 4. d3 c5 5. e4 d6 6. O-O e5 7. Nc3 O-O 8. h3 h6 9. Be3 Be6 10. Qd2 Kh7 11. Nh2 Qd7 12. f4 Bxh3 13. f5 Bxg2 14. Kxg2 Nc6 15. g4 g5 16. Nd5 Nxd5 17. exd5 Nb4 18. f6 Bh8 19. c4 Rg8 20. a3 Na6 21. Rf5 Rg6 22. Raf1 Nc7 23. Qf2 Rag8 24. Qf3 Ne8 25. Qh3 Bxf6 26. Nf3 Kg7 27. Nd2 Rf8 28. Ne4 Bd8 29. b4 b6 30. Rh1 Nf6 31. Bxg5 Ng8 32. Bxd8 Qxf5 33. Be7 Qxg4+ 34. Qxg4 Rxg4+ 35. Kh3 Rg6 36. Bxf8+ Kxf8 37. Rf1 Ne7 38. Nf6 Kg7 39. Ne8+ Kf8 40. Nf6 Ng8 41. Nd7+ Ke7 42. Nb8 Kd8 43. Nc6+ Ke8 44. bxc5 bxc5 45. Rc1 Ne7 46. Rb1 Nxc6 47. dxc6 Kd8 48. Rb7 f5 49. Rd7+ Kc8 50. Rxa7 f4 51. Rf7 Rg3+ 52. Kh4 Rxd3 53. a4 Ra3 54. Rd7 Rxa4 55. Rxd6 Kc7 56. Re6 Rxc4 57. Rxe5 Kxc6 58. Kg4 Rd4 59. Kf3 Kb5 60. Re6 Kb4 61. Rxh6 c4 62. Rb6+ Kc3 63. Rb8 Kd3 64. Rb1 c3 65. Rd1+ Kc4 66. Rc1 Kb3 67. Rb1+ Kc2 68. Rb8 Kd2 69. Kf2 c2 70. Rb2 Kc3 71. Ra2 c1=Q 72. Kf3 Qf1+ 73. Kg4 f3+ 74. Kg3 Qg2+ 75. Rxg2 fxg2 76. Kxg2 Kd3 77. Kf2 Re4 78. Kf3 Kd4 79. Kg3 Re3+ 80. Kg2 Ke4 81. Kf2 Kf4 82. Kg2 Rf3 83. Kg1 Kg3 84. Kh1 Rf1# 0-1


[Site "https://www.chess.com"]

[Event "Titled Tuesday Blitz May 31 Early 2022"]
[White "Bethke, Richard"]
[Black "Gokerkan, Cem Kaan"]
[WhiteFideId "12959243"]
[BlackFideId "6336760"]
[WhiteElo "2513"]
[BlackElo "2382"]
[Result "0-1"]
[Round "05"]
[TimeControl "180+1"]
[Date "2022.06.01"]
[WhiteClock "0:00:02"]
[BlackClock "0:01:21"]

1. e4 c6 2. Nf3 d5 3. Nc3 Nf6 4. e5 Ne4 5. Ne2 Qb6 6. d4 e6 7. Ng3 c5 8. Nxe4 dxe4 9. Ng5 cxd4 10. Nxe4 Qa5+ 11. Bd2 Qxe5 12. Qe2 f5 13. Ng5 Qxe2+ 14. Bxe2 Nc6 15. Bc4 Ke7 16. O-O-O Kf6 17. Rhe1 h6 18. Nxe6 Ne5 19. Rxe5 Kxe5 20. Bf4+ Kf6 21. Nc7 g5 22. Ne8+ Kg6 23. Nc7 Rb8 24. Be5 Bg7 25. Bxg7 Kxg7 26. Rxd4 f4 27. h4 Bf5 28. hxg5 hxg5 29. Rd5 Rbd8 30. b4 Rxd5 31. Bxd5 Rc8 32. Ne6+ Bxe6 33. Bxe6 Re8 34. Bg4 Kf6 35. Kd2 Ke5 36. c3 b6 37. a4 Ke4 0-1


[Site "https://www.chess.com"]

[Event "Titled Tuesday Blitz May 31 Early 2022"]
[White "Chernobay, Artem"]
[Black "Yuan, Qingyu"]
[WhiteFideId "4167406"]
[BlackFideId "8609772"]
[WhiteElo "2473"]
[BlackElo "2359"]
[Result "0-1"]
[Round "05"]
[TimeControl "180+1"]
[Date "2022.05.31"]
[WhiteClock "0:00:01"]
[BlackClock "0:00:02"]

1. e4 c6 2. d4 d5 3. Nd2 dxe4 4. Nxe4 Nf6 5. Nxf6+ exf6 6. c3 Bd6 7. Bd3 O-O 8. Ne2 Re8 9. Qc2 h5 10. O-O h4 11. h3 Nd7 12. Be3 Nf8 13. c4 g6 14. Rad1 f5 15. Qc1 Nh7 16. Bf4 Bf8 17. Rfe1 Be6 18. Bb1 Bb4 19. Bd2 Bf8 20. d5 cxd5 21. Bc3 Bg7 22. Bxg7 Kxg7 23. Nc3 d4 24. Nb5 Rc8 25. Rxd4 Qf6 26. Qc3 Bxc4 27. Rxe8 Rxe8 28. Nd6 Re1+ 29. Qxe1 Qxd4 30. Ne8+ Kf8 31. b3 Bd5 32. Nc7 Bc6 33. Qc1 Kg7 34. b4 a6 35. a4 Nf6 36. b5 axb5 37. axb5 Be4 38. Ba2 Qd7 39. b6 Bc6 40. Qa1 Qe7 41. Bd5 Kg8 0-1


[Site "https://www.chess.com"]

[Event "Titled Tuesday Blitz May 31 Early 2022"]
[White "Chernomordik, Pavel"]
[Black "Agasarov, Benik"]
[WhiteFideId "2804530"]
[BlackFideId "13314823"]
[WhiteElo "2220"]
[BlackElo "2599"]
[Result "1-0"]
[Round "05"]
[TimeControl "180+1"]
[Date "2022.06.01"]
[WhiteClock "0:00:09"]
[BlackClock "0:00:06"]

1. e4 c5 2. Nc3 d6 3. f4 Nc6 4. Nf3 g6 5. Bb5 Bg7 6. O-O a6 7. Bxc6+ bxc6 8. d3 Nf6 9. h3 Qb6 10. Kh2 h5 11. Rb1 c4 12. d4 d5 13. Re1 Bd7 14. e5 Ng4+ 15. Kg1 Nh6 16. Na4 Qc7 17. Nc5 e6 18. Be3 Bf8 19. b3 Bxc5 20. dxc5 cxb3 21. axb3 Nf5 22. Bf2 Bc8 23. Nd4 a5 24. Nxf5 gxf5 25. Bh4 Ba6 26. Bf6 Rh7 27. Re3 Kd7 28. Rg3 Rh6 29. Rg7 Rf8 30. Qd2 Rg6 31. Rxg6 fxg6 32. Ra1 Ra8 33. Rxa5 Bb7 34. Rxa8 Bxa8 35. Qe1 Qa7 36. b4 Qa3 37. c3 Bb7 38. Qg3 Ba6 39. Qxg6 Qc1+ 40. Kh2 Qxf4+ 41. Qg3 Qh6 42. h4 Be2 43. Bg5 Qg7 44. Qe3 Bb5 45. Kg3 Qh8 46. Kf4 Qa8 47. Bf6 Qg8 48. Bg5 Qa8 49. Qg3 Qa1 50. Qe3 Qf1+ 51. Kg3 Bd3 52. Qf3 Qe1+ 53. Kh2 Be4 54. Qxh5 f4 55. Qf7+ Kc8 56. Qxe6+ Kb7 57. Qf7+ Ka6 58. Qxf4 Qe2 59. Qg3 Kb5 60. e6 Bf5 61. e7 Ka6 62. Qe3 Qxe3 63. Bxe3 Bg6 64. g4 Kb5 65. h5 Bf7 66. h6 d4 67. cxd4 Kxb4 68. h7 1-0


[Site "https://www.chess.com"]

[Event "Titled Tuesday Blitz May 31 Early 2022"]
[White "Chigaev, Maksim"]
[Black "Andreikin, Dmitry"]
[WhiteFideId "4108116"]
[BlackFideId "4158814"]
[WhiteElo "2457"]
[BlackElo "2736"]
[Result "0-1"]
[Round "05"]
[TimeControl "180+1"]
[Date "2022.05.31"]
[WhiteClock "0:00:05"]
[BlackClock "0:00:20"]

1. d4 Nf6 2. c4 e6 3. Nf3 d5 4. Nc3 Be7 5. Bg5 h6 6. Bxf6 Bxf6 7. e3 c6 8. Qc2 Nd7 9. O-O-O a6 10. g4 b5 11. c5 b4 12. Ne2 e5 13. e4 O-O 14. Ng3 exd4 15. h4 Ne5 16. Nxd4 Bxg4 17. Be2 Bxe2 18. Qxe2 Qa5 19. Kb1 Qxc5 20. f4 Ng6 21. e5 Nxf4 22. Qe3 Ng2 23. Qf2 Bxe5 24. Qxg2 Bxd4 25. Nf5 Bf6 26. Nxg7 Kh7 27. Nh5 Bh8 28. Qf3 f5 29. Rhg1 Qe7 30. Rde1 Qf7 31. Nf4 Rg8 32. Rgf1 Rae8 33. Rc1 Qf6 34. Rc2 Re4 35. Nd3 Rxh4 36. Rfc1 Rc4 37. Rxc4 dxc4 38. Rxc4 Qe6 39. Rxc6 Qe4 40. Qxe4 fxe4 41. Nxb4 h5 42. Re6 Rg1+ 43. Kc2 Rg2+ 44. Kb3 Rxb2+ 45. Kc4 a5 46. Nd5 Rxa2 47. Rxe4 Ra4+ 48. Kd3 Rxe4 49. Kxe4 a4 50. Kd3 a3 51. Nb4 h4 0-1


[Site "https://www.chess.com"]

[Event "Titled Tuesday Blitz May 31 Early 2022"]
[White "Costachi, Mihnea"]
[Black "Sokolovsky, Yahli"]
[WhiteFideId "1217518"]
[BlackFideId "2820242"]
[WhiteElo "2476"]
[BlackElo "1770"]
[Result "1-0"]
[Round "05"]
[TimeControl "180+1"]
[Date "2022.05.31"]
[WhiteClock "0:00:45"]
[BlackClock "0:00:04"]

1. d4 d6 2. e4 g6 3. Nc3 Bg7 4. Be3 a6 5. Qd2 b5 6. a3 Bb7 7. h4 h5 8. Nh3 Nd7 9. Ng5 Rc8 10. Be2 c5 11. d5 Ngf6 12. O-O O-O 13. f3 Ne5 14. b3 Nh7 15. Nxh7 Kxh7 16. Nd1 Nxf3+ 17. Bxf3 Bxa1 18. c3 b4 19. Qe2 e6 20. Bg5 f6 21. Be3 exd5 22. Bxh5 Qe8 23. Bg4 Rc7 24. h5 bxc3 25. hxg6+ Kg7 26. Nf2 Bb2 27. Bf5 Rh8 28. Ng4 c2 29. Qxc2 Be5 30. Qd2 dxe4 31. Bh6+ Kg8 32. g7 Rxg7 33. Bxg7 Kxg7 34. Qe3 Qh5 35. Qh3 Qxh3 36. gxh3 Rxh3 37. Nxe5 Rg3+ 38. Kh2 Rxb3 39. Rg1+ Kf8 40. Ng6+ Kf7 41. Nh8+ Kf8 42. Be6 Rb2+ 43. Kh3 d5 44. Ng6+ Ke8 45. Kg4 d4 46. Rh1 e3 47. Rh8# 1-0


[Site "https://www.chess.com"]

[Event "Titled Tuesday Blitz May 31 Early 2022"]
[White "Darini, Pouria"]
[Black "Swiercz, Dariusz"]
[WhiteFideId "12502200"]
[BlackFideId "1126881"]
[WhiteElo "2483"]
[BlackElo "2627"]
[Result "1-0"]
[Round "05"]
[TimeControl "180+1"]
[Date "2022.05.31"]
[WhiteClock "0:00:06"]
[BlackClock "0:00:04"]

1. e4 c5 2. Nc3 Nc6 3. Bb5 Nd4 4. Nf3 a6 5. Bd3 Nc6 6. b3 e6 7. Bb2 Qc7 8. O-O Nf6 9. Re1 Bd6 10. Ne2 O-O 11. Ng3 Ne5 12. Bf1 b5 13. Nxe5 Bxe5 14. Bxe5 Qxe5 15. c3 Bb7 16. d4 cxd4 17. cxd4 Qf4 18. f3 d6 19. Qc1 Qxc1 20. Rexc1 Rfc8 21. Kf2 Kf8 22. Ke3 Ke7 23. b4 Bc6 24. Rc3 Bd7 25. Rxc8 Rxc8 26. Kd2 g5 27. Bd3 h5 28. Ne2 h4 29. Rc1 Rxc1 30. Kxc1 e5 31. Kd2 Nh5 32. g3 Ng7 33. g4 Ne6 34. d5 Nf8 35. Nc3 Ng6 36. a4 bxa4 37. Bxa6 Kd8 38. b5 h3 39. Nxa4 Nh4 40. Ke3 Ng2+ 41. Kf2 Nf4 42. Nb2 Kc7 43. Nc4 Nd3+ 44. Ke3 Nb4 45. b6+ Kb8 46. Nxd6 Nxa6 47. Nxf7 Kb7 48. Nxe5 Nb8 49. Nf7 Kxb6 50. Nxg5 Kc5 51. Nxh3 Kd6 52. Nf4 Ke5 53. Nd3+ Kd6 54. h4 Be8 55. Kd4 Nd7 56. h5 Ke7 57. e5 Nf8 58. Nf4 Nh7 59. d6+ Kd7 60. Kd5 Ng5 61. e6+ Nxe6 62. Nxe6 Bf7 63. Ke5 Bxe6 64. h6 Bg8 65. g5 Bh7 66. f4 Bc2 67. f5 Bd3 68. h7 1-0


[Site "https://www.chess.com"]

[Event "Titled Tuesday Blitz May 31 Early 2022"]
[White "Donchenko, Alexander"]
[Black "Korchmar, Vasiliy"]
[WhiteFideId "24603295"]
[BlackFideId "24131750"]
[WhiteElo "2572"]
[BlackElo "2370"]
[Result "1-0"]
[Round "05"]
[TimeControl "180+1"]
[Date "2022.05.31"]
[WhiteClock "0:02:12"]
[BlackClock "0:01:04"]

1. d4 d5 2. c4 c6 3. Nf3 Nf6 4. Qc2 g6 5. cxd5 cxd5 6. Nc3 Bg7 7. Bf4 O-O 8. e3 Nc6 9. Be2 Bf5 10. Qb3 Na5 11. Qb4 Rc8 12. O-O Ne4 13. Rfc1 Nxc3 14. Rxc3 Rxc3 15. Qxc3 Qb6 16. Bc7 Rc8 17. Bxb6 Rxc3 18. Bxa5 Rc2 19. Bd1 Rxb2 20. Bc3 Rb1 21. Rxb1 Bxb1 22. Bb3 e6 23. Bb4 b6 24. Kf1 a5 25. Bd6 b5 26. Nd2 Bd3+ 27. Ke1 a4 28. Bd1 Bc4 29. Nxc4 dxc4 30. Kd2 Bf8 31. Bxf8 Kxf8 32. Kc3 1-0


[Site "https://www.chess.com"]

[Event "Titled Tuesday Blitz May 31 Early 2022"]
[White "Durarbayli, Vasif"]
[Black "Liyanage, Ranindu Dilshan"]
[WhiteFideId "13402935"]
[BlackFideId "9915834"]
[WhiteElo "2528"]
[BlackElo "1858"]
[Result "1-0"]
[Round "05"]
[TimeControl "180+1"]
[Date "2022.05.31"]
[WhiteClock "0:00:02"]
[BlackClock "0:00:02"]

1. e4 e5 2. Nf3 Nc6 3. Bc4 Nf6 4. d3 Bc5 5. c3 d6 6. O-O a5 7. d4 Ba7 8. h3 O-O 9. dxe5 Nxe5 10. Nxe5 dxe5 11. Qf3 h6 12. Be3 c6 13. Bxa7 Rxa7 14. Qe3 Ra8 15. Nd2 b5 16. Be2 Be6 17. a4 Qb8 18. Rfb1 b4 19. Bc4 Qd6 20. Bxe6 Qxe6 21. cxb4 axb4 22. Rc1 Ra6 23. Rc4 Qd6 24. b3 Nd7 25. Rac1 c5 26. Qe2 Qe6 27. Nf1 Rc6 28. Qb2 Rfc8 29. Ne3 Nb6 30. R4c2 c4 31. bxc4 Nxa4 32. Qxb4 Nc5 33. f3 Nd3 34. Qd2 Nxc1 35. Rxc1 Qe7 36. Kh2 Qg5 37. Rc2 Rd8 38. Qf2 Rd4 39. g3 Qe7 40. Nf5 Qc5 41. Nxd4 exd4 42. Qd2 Rb6 43. Qd3 Rb4 44. f4 f6 45. h4 h5 46. Kg2 Kf8 47. Kh2 Kg8 48. Kg2 Ra4 49. Rb2 Ra3 50. Rb3 Ra2+ 51. Kf3 Qc8 52. f5 Qd8 53. Qb1 Qa5 54. e5 fxe5 55. f6 e4+ 56. Kxe4 Qa8+ 57. Rb7 Qe8+ 58. Kf4 gxf6 59. Qh7+ Kf8 60. Qh8# 1-0


[Site "https://www.chess.com"]

[Event "Titled Tuesday Blitz May 31 Early 2022"]
[White "Fantinel, Thibault"]
[Black "Meshkovs, Nikita"]
[WhiteFideId "663395"]
[BlackFideId "11602740"]
[WhiteElo "2349"]
[BlackElo "2506"]
[Result "0-1"]
[Round "05"]
[TimeControl "180+1"]
[Date "2022.05.31"]
[WhiteClock "0:00:03"]
[BlackClock "0:00:02"]

1. c4 Nf6 2. g3 e6 3. Bg2 d5 4. Nf3 d4 5. O-O c5 6. e3 Nc6 7. exd4 cxd4 8. d3 Nd7 9. Re1 Be7 10. Na3 O-O 11. Nc2 Nc5 12. Ne5 Nxe5 13. Rxe5 f6 14. Re1 e5 15. b4 Ne6 16. Bd2 a5 17. a3 Kh8 18. h4 Ra6 19. Qf3 Qc7 20. Reb1 f5 21. bxa5 Nc5 22. Nb4 e4 23. Qd1 Nxd3 24. Nxd3 exd3 25. Qb3 f4 26. Qxd3 fxg3 27. fxg3 Bf5 28. Qb3 d3 29. Bf4 Bd6 30. Qxb7 Qc5+ 31. Kh2 Bxf4 32. gxf4 Rg6 33. Qd5 Qf2 34. Rf1 Qxh4+ 35. Kg1 Rh6 36. a6 Qh2+ 37. Kf2 Bg4 38. Ke3 Qg3+ 39. Kd4 Re8 40. a7 Qe3+ 41. Kc3 d2+ 42. Kb4 Rb6+ 43. Ka5 Rbe6 44. a8=Q Qb6+ 45. Ka4 Re7 46. Qac6 Bd7 47. Qd6 Bxc6+ 0-1


[Site "https://www.chess.com"]